 Dungeon Crawl Stone Soup version 0.29.1-1-gd02db6906a (webtiles) character file.

Game seed: 7674951979728410420

5 RascalDebosk the Trooper (level 1, 0/20 HPs)
             Began as a Djinni Wanderer on Oct 10, 2022.
             Slain by a jackal (2 damage)
             ... on level 1 of the Dungeon.
             The game lasted 00:02:10 (275 turns).

RascalDebosk the Trooper (Djinni Wanderer)           Turns: 275, Time: 00:02:10

Health: 0/20       AC:  3    Str:  7    XL:     1   Next: 88%
Gold:   15         EV: 11    Int: 12    God:
                   SH:  0    Dex: 17

rFire   + + .      SeeInvis .   s - +0 dagger
rCold   x . .      Faith    .   (no shield)
rNeg    . . .      Spirit   .   a - +0 leather armour
rPois   ∞          Reflect  .   (no helmet)
rElec   .          Harm     .   (no cloak)
rCorr   .          Rampage  .   (no gloves)
Will    .....                   (boots unavailable)
Stlth   ++........              (no amulet)
HPRegen 0.06/turn               (no ring)
MPRegen 0.00/turn               (no ring)

@: flying
A: sickness immunity, fire resistance 2, cold vulnerability 1, float, innate
caster, HP casting, extra vitality 1
a: no special abilities


You were on level 1 of the Dungeon.
You visited 1 branch of the dungeon, and saw 1 of its levels.

You collected 15 gold pieces.

Inventory:

Hand Weapons
 s - a +0 dagger (weapon)
Armour
 a - a +0 leather armour (worn)
 c - a +0 robe
Scrolls
 g - a scroll of blinking
Potions
 d - a potion of lignification


   Skills:
 + Level 3.1 Fighting
 - Level 1.0 Armour
 + Level 1.4 Dodging
 - Level 1.0 Stealth
 + Level 2.5 Spellcasting


You couldn't memorise any spells.
You knew the following spells:

 Your Spells              Type           Power      Damage    Failure   Level
a - Slow                  Hex            28%        N/A       14%         1
b - Summon Guardian Gole  Hex/Summ       7%         N/A       38%         3
c - Dazzling Flash        Conj/Hex       14%        N/A       38%         3
d - Stone Arrow           Conj/Erth      14%        3d7       38%         3
e - Sandblast             Erth           14%        2d6       14%         1

Your spell library contained the following spells:

 Spells                   Type           Power      Damage    Failure   Level


Dungeon Overview and Level Annotations

Branches:
Dungeon (1/15)

Altars:


Innate Abilities, Weirdness & Mutations

You are immune to sickness and miasma.
You are immune to poison.
Your flesh is very heat resistant. (rF++)
You are vulnerable to cold. (rC-)
You float through the air rather than walking.
You learn spells naturally, not from books.
Your magical power is your life essence.
You have superior vitality. (+4 MHP)


Message History

You kill the rat!
A jackal and a giant cockroach come into view.
The jackal barks!
A jackal comes into view. x2
Things that are here:
a +0 short sword; a stone A jackal comes into view.
The giant cockroach bites you.
The giant cockroach completely misses you.
Things that are here:
a +0 short sword; a stone The jackal barks! x2
You hit the giant cockroach.
The giant cockroach is severely wounded.
The giant cockroach bites you but does no damage.
You hit the giant cockroach.
You kill the giant cockroach!
The jackal closely misses you.
You hit the jackal.
The jackal is lightly wounded.
The jackal bites you. x2
You closely miss the jackal.
The jackal is lightly wounded.
The jackal barely misses you. The jackal closely misses you.
Aiming: Slow (safe; 14% risk of failure)
Press: ? - help, Q - select action, (/) - cycle Shift-Dir - straight line, f - jackal
Aim: a jackal (lightly wounded, chance to affect: 62%)
The jackal seems to slow down.
The jackal closely misses you. The jackal barely misses you.
The jackal bites you but does no damage.
You hit the jackal but do no damage.
The jackal is lightly wounded.
The jackal bites you. The jackal closely misses you. The jackal misses you.
The jackal bites you.
The jackal bites you but does no damage.
You hit the jackal but do no damage.
The jackal is lightly wounded.
The jackal misses you. The jackal barely misses you. x2
You barely miss the jackal.
The jackal is lightly wounded.
The jackal misses you. The jackal barely misses you.
The jackal bites you but does no damage. x2
The jackal bites you.
* * * LOW HITPOINT WARNING * * *
You hit the jackal but do no damage.
The jackal is lightly wounded.
The jackal closely misses you. The jackal barely misses you.
The jackal bites you but does no damage.
You barely miss the jackal.
The jackal is lightly wounded.
The jackal bites you but does no damage. x3
You hit the jackal but do no damage.
The jackal is lightly wounded.
The jackal barely misses you.
The jackal bites you but does no damage. x2
The jackal bites you.
* * * LOW HITPOINT WARNING * * *
The jackal bites you.
* * * LOW HITPOINT WARNING * * *
The jackal attacks as you move away!
The jackal bites you but does no damage.
You closely miss the jackal. The jackal closely misses you.
You hit the jackal.
The jackal is moderately wounded.
The jackal is no longer moving slowly.
The jackal closely misses you.
You hit the jackal but do no damage.
The jackal is moderately wounded.
The jackal bites you.
* * * LOW HITPOINT WARNING * * *
The jackal bites you but does no damage.
You hit the jackal.
The jackal is heavily wounded.
The jackal barely misses you.
You hit the jackal.
The jackal is severely wounded.
The jackal completely misses you.
The jackal bites you but does no damage.
You hit the jackal.
The jackal is almost dead.
The jackal barely misses you. The jackal closely misses you. x2
The jackal bites you but does no damage.
You hit the jackal but do no damage.
The jackal is almost dead.
The jackal misses you. The jackal bites you.
* * * LOW HITPOINT WARNING * * *
You barely miss the jackal.
The jackal is almost dead.
The jackal barely misses you.
The jackal bites you but does no damage.
You hit the jackal.
You kill the jackal!
The jackal bites you but does no damage.
The jackal barely misses you. The jackal closely misses you.
You hit the jackal but do no damage. The jackal bites you.
* * * LOW HITPOINT WARNING * * *
The jackal barely misses you.
You closely miss the jackal.
The jackal is moderately wounded.
The jackal bites you.
You die...

#.## #... ## ...# #...
.## ##)## #... ..
#..## #...#.# .# ##..#
##..... ##..# ##.###
#.....#..).## #...#
#+#........ ###.#
#hhh....... #.##
##+#@#........ #..#
#....#........ ###'###
#....#........
#.....###....#........
#.......#....#........
#....##..#.....#######
#....###.#..####
#....# #[...# #....#
##.>.#


You could see 3 jackals.

Vanquished Creatures
  A giant cockroach (D:1)
  A jackal (D:1)
  A bat (D:1)
  A frilled lizard (D:1)
  A kobold (D:1)
  A rat (D:1)
6 creatures vanquished.

Notes
Turn   | Place    | Note
-------+----------+-------------------------------------------
     0 | D:1      | RascalDebosk the Djinni Wanderer began the quest for the
                  | Orb.
     0 | D:1      | RascalDebosk set off with the following items: a +0 robe, a
                  | potion of lignification, a scroll of blinking, a +0
                  | daggerthe following spells memorised: Slow, Summon Guardian
                  | Golem, Dazzling Flash, Stone Arrow, Sandblast.
     0 | D:1      | Reached XP level 1. HP: 20/20 MP: 0/0
    39 | D:1      | Found a faded altar of an unknown god.
   275 | D:1      | Slain by a jackal

Illustrated notes

Levels and vault maps discovered:
D:1:      dpeg_arrival_court, layout_basic,
          chequers_ecumenical_altar_simple_redux, minmay_misc_feat_roman

Action                   || total
-------------------------++-------
Melee: Dagger            ||    42
 Cast: Slow              ||     4
Armor: Leather armour    ||    20
       Robe              ||     3
Dodge: Dodged            ||    44
